AoeStats
← MataCochinos

Golden Pit

503477328Analyzed
1v1 RM · 1mo ago on Aug 31, 2026· 37m 16s· 2 players
Game mode
Random Map
Map size
Tiny (2 player)
Population
200
Speed
Normal
Resources
Standard
Victory
Conquest
Starting age
Dark Age
Ending age
Imperial Age
RankedLock teamsTeams togetherTeam positionsShared explorationLock speedFull tech treeHidden civsTurbo modeCheats
Victory
Defeat
🇲🇽 Japanese · Mexico
1769
+17
🇩🇪 Turks · Germany
1794
-17
MataCochinos
2:27 Loom
9:18 Feudal Age
9:40 Man-at-Arms
10:14 Double-Bit Axe
14:08 Fletching
14:48 Arson
20:42 Castle Age
18:48 Gold Mining
19:26 Padded Archer Armor
19:12 Horse Collar
21:37 Bow Saw
20:49 Crossbowman
21:24 Bodkin Arrow
24:07 Wheelbarrow
29:01 Town Watch
35:24 Imperial Age
34:07 Thumb Ring
36:14 Ballistics
35:46 Arbalester
36:26 Bracer
38:02 Chemistry
Sultan Mehmet
3:11 Loom
3:45 Loom
12:40 Feudal Age
19:10 Castle Age
19:07 Stone Mining
30:44 Double-Bit Axe
31:12 Gold Mining
35:23 Fletching
39:29 Imperial Age
37:00 Horse Collar
Connection lost

Rejoining the realm…

Still unreachable

The connection could not be restored.

Session expired

The server has moved on; the page needs a fresh start.